[Event "Early-Titled-Tuesday-Blitz-August-29-2023"]
[Site "Chess.com"]
[Date "2023.08.29"]
[Round "6"]
[White "biostatistician"]
[Black "Haykoooo0o"]
[Result "1-0"]
[WhiteElo "2583"]
[BlackElo "2431"]
[TimeControl "180+1"]
[EndTime "9:06:06 PDT"]
[Termination "biostatistician won by resignation"]

1. d4 Nf6 2. Nf3 g6 3. c4 Bg7 4. Nc3 O-O 5. e4 d6 6. Be2 e5 7. dxe5 dxe5 8. Qxd8 Rxd8 9. Bg5 Re8 10. Nd5 Nxd5 11.
cxd5 c6 12. Bc4 cxd5 13. Bxd5 Nc6 14. O-O-O Bg4 15. Kb1 Rac8 16. Rc1 Bxf3 17. gxf3 Nd4 18. Bxb7 Rxc1+ 19. Rxc1 Nxf3 20. Be3 Nxh2 21. Bxa7 Re7 22. Rc8+ Bf8 23. Rb8 Rc7 24. Bb6 Rd7 25. a4 Kg7 26. a5 Bd6 27. Rd8 Rxd8 28. Bxd8 Ng4 29. f3 Nf6 30.
Bb6 Nd7 31. Bf2 Nb8 32. a6 Nxa6 33. Bxa6 h5 34. Kc2 g5 35. Kd3 Kg6 36. Bc8 h4 37. Bg4 Kf6 38. Kc4 Bb8 39. Kd5 Bc7 40. b4 Ke7 41. b5 f6 42. Kc6 Bb8 43. b6 Kd8 44. Bc5 Ke8 45. Kb7 1-0

[Event "Early-Titled-Tuesday-Blitz-August-29-2023"]
[Site "Chess.com"]
[Date "2023.08.29"]
[Round "6"]
[White "Irina_Barchuk"]
[Black "Laico"]
[Result "0-1"]
[WhiteElo "2263"]
[BlackElo "2440"]
[TimeControl "180+1"]
[EndTime "9:06:06 PDT"]
[Termination "Laico won by resignation"]

1. e4 e6 2. d4 d5 3. Nc3 Nf6 4. e5 Nfd7 5. f4 c5 6. Nf3 Nc6 7. Be3 cxd4 8. Nxd4 Bc5 9. Qd2 O-O 10. O-O-O a6 11.
h4 Nxd4 12. Bxd4 b5 13. h5 b4 14. Na4 Bxd4 15. Qxd4 Qa5 16. b3 Bb7 17. h6 g6 18.
f5 Bc6 19. fxe6 fxe6 20. Qg4 Rae8 21. Bd3 Nxe5 22. Qd4 Nxd3+ 23. Rxd3 e5 24. Qa7 Rf7 25. Qb6 Qxb6 26. Nxb6 d4 27. Nc4 Bxg2 28. Re1 Rf1 29. Kd2 Rxe1 30. Kxe1 Bd5 31. Nb6 Bc6 32. Nc4 Bb5 33.
Kd2 Bxc4 34. bxc4 Rc8 35. a3 Rxc4 36. axb4 Rxb4 37. Ra3 Rb6 38. Kd3 Rc6 39. Ra5 Re6 40.
Ke4 Kf7 41. Rc5 Kf6 42. Rc7 Re7 43. Rc6+ Kg5 44. Rxa6 Kxh6 45. Ra5 Kg5 46. Rxe5+ Rxe5+ 47. Kxe5 h5 48. Kxd4 h4 49. Kd5 h3 50. Kd6 h2 51. c4 h1=Q 52. c5 Qb7 53. c6 Qc8 54.
c7 Kf6 55. Kc6 Ke6 56. Kb6 Kd6 57. Ka7 Qxc7+ 58. Ka8 Qd7 0-1

[Event "Early-Titled-Tuesday-Blitz-August-29-2023"]
[Site "Chess.com"]
[Date "2023.08.29"]
[Round "6"]
[White "SpongeBob_03"]
[Black "realburq"]
[Result "1-0"]
[WhiteElo "2190"]
[BlackElo "2399"]
[TimeControl "180+1"]
[EndTime "9:06:06 PDT"]
[Termination "SpongeBob_03 won by checkmate"]

1. e4 g6 2. d4 Bg7 3. Nc3 c6 4. Nf3 d5 5. exd5 cxd5 6. Bb5+ Bd7 7.
Bf4 Nf6 8. O-O O-O 9. Bxd7 Nbxd7 10. Ne5 Rc8 11. g4 e6 12. h4 Nxe5 13. Bxe5 Ne4 14.
Bxg7 Nxc3 15. bxc3 Kxg7 16. h5 Rxc3 17. Kg2 gxh5 18. Rh1 h4 19. Qd2 Rc4 20. Rh3 Qf6 21. c3 Rg8 22. Rah1 Kf8 23. Rxh4 Qg6 24. f3 Rc6 25. Rxh7 Rb6 26. R7h6 Qg7 27. Qf4 Rb2+ 28. Kg3 Qg5 29. Qb8+ Kg7 30. Rh7+ Kf6 31. R1h6+ Rg6 32.
Qd8# 1-0

[Event "Early-Titled-Tuesday-Blitz-August-29-2023"]
[Site "Chess.com"]
[Date "2023.08.29"]
[Round "6"]
[White "Kirill_Klukin"]
[Black "Sina_Movahed"]
[Result "0-1"]
[WhiteElo "2804"]
[BlackElo "2979"]
[TimeControl "180+1"]
[EndTime "9:06:07 PDT"]
[Termination "Sina_Movahed won on time"]

1. d4 Nf6 2. Nf3 g6 3. e3 Bg7 4.
Be2 O-O 5. O-O d6 6. c4 Nbd7 7. Nc3 e5 8. Qc2 Re8 9. b4 exd4 10. Nxd4 a5 11. b5 Nc5 12. Rd1 h5 13. h3 Nfe4 14.
Ba3 Nxc3 15. Qxc3 Ne4 16. Qc2 Bxh3 17. gxh3 Qg5+ 18. Kf1 Nxf2 19. Kxf2 Qxe3+ 20. Kf1 Bxd4 21. Rxd4 Qxd4 22. Bb2 Qf4+ 23. Ke1 Re3 24. Bc1 Qg3+ 25. Kd1 Re6 26. Qd3 Qg1+ 27. Kc2 Rae8 28. Bd1 Qg2+ 29. Kb3 Qf2 30. Ka4 Qc5 31. Ba3 Qf2 32. Bb3 Re4 33. Rf1 Qh4 34. Qd5 R8e6 35. Bb2 Qxh3 36. Rf6 Qg2 37. Rxe6 fxe6 38. Qd3 h4 39. Qc3 e5 40.
Kxa5 b6+ 41. Ka6 Re3 0-1

[Event "Early-Titled-Tuesday-Blitz-August-29-2023"]
[Site "Chess.com"]
[Date "2023.08.29"]
[Round "6"]
[White "albi1999"]
[Black "koncheto"]
[Result "1-0"]
[WhiteElo "2682"]
[BlackElo "2522"]
[TimeControl "180+1"]
[EndTime "9:06:07 PDT"]
[Termination "albi1999 won on time"]

1. c4 Nf6 2. Nc3 e6 3. e4 d5 4. e5 d4 5. exf6 dxc3 6. bxc3 Qxf6 7. d4 e5 8. Bd3 exd4 9. Nf3 Bg4 10. O-O Bxf3 11. gxf3 Be7 12. Be4 Nc6 13. Rb1 O-O 14.
Rxb7 Rad8 15. Rxc7 dxc3 16. Bd5 Ne5 17. f4 Bd6 18.
Rxa7 Nxc4 19. Bxc4 Qg6+ 20. Kh1 Qe4+ 21. Kg1 Qxc4 22.
Qf3 Bc5 23. Ra5 c2 24. Rxc5 Qxc5 25. Ba3 Qc4 26. Bxf8 Kxf8 27. Qa3+ 1-0

[Event "Early-Titled-Tuesday-Blitz-August-29-2023"]
[Site "Chess.com"]
[Date "2023.08.29"]
[Round "6"]
[White "Dmitry_Konenkin"]
[Black "Bilan_Danila"]
[Result "1-0"]
[WhiteElo "2402"]
[BlackElo "2499"]
[TimeControl "180+1"]
[EndTime "9:06:07 PDT"]
[Termination "Dmitry_Konenkin won on time"]

1. d4 d5 2. Bg5 c6 3. e3 Qb6 4. Qc1 Bf5 5. Nf3 e6 6. c4 Nd7 7. Nc3 Ngf6 8. Be2 h6 9. Bh4 Be7 10.
O-O O-O 11. Ne5 Qd8 12. f4 Nxe5 13. fxe5 Ne4 14. Bxe7 Qxe7 15. cxd5 Nxc3 16. Qxc3 cxd5 17. Rac1 Qg5 18. Rf3 f6 19. Rg3 Qh4 20. Qc7 Rf7 21.
Qd6 Raf8 22. Rc7 a6 23. exf6 Qxf6 24. Rf3 Qh4 25. Rxf7 Rxf7 26. Rg3 Qe4 27. h3 Qb1+ 28. Kh2 Qe1 29. Bh5 Rf8 30. Qe7 g5 31. h4 1-0

[Event "Early-Titled-Tuesday-Blitz-August-29-2023"]
[Site "Chess.com"]
[Date "2023.08.29"]
[Round "6"]
[White "stepanosinovsky"]
[Black "RIPOL"]
[Result "0-1"]
[WhiteElo "2302"]
[BlackElo "2449"]
[TimeControl "180+1"]
[EndTime "9:06:07 PDT"]
[Termination "RIPOL won on time"]

1. Nf3 d5 2. g3 Bg4 3. Bg2 Nd7 4. h3 Bh5 5. d4 c6 6. Bf4 Qb6 7. O-O Qxb2 8. Nbd2 Qb6 9. Rb1 Qa6 10. e4 e6 11.
exd5 cxd5 12. c4 Ngf6 13. Re1 Be7 14. Bf1 Qc6 15. Nb3 b6 16. g4 Bg6 17. Rc1 O-O 18.
Ne5 Nxe5 19. dxe5 Ne4 20. Bg2 Qa4 21. cxd5 exd5 22. Qxd5 Nc5 23. Rc4 Qa3 24. Nxc5 Bxc5 25. Qxa8 Rxa8 26. Bxa8 Qxa2 27. Bd5 Qxf2+ 28. Kh1 Qxe1+ 29.
Kg2 Qe2+ 30. Kh1 Qd1+ 0-1

[Event "Early-Titled-Tuesday-Blitz-August-29-2023"]
[Site "Chess.com"]
[Date "2023.08.29"]
[Round "6"]
[White "Grossboss19"]
[Black "Zampronha1971"]
[Result "1-0"]
[WhiteElo "2498"]
[BlackElo "2278"]
[TimeControl "180+1"]
[EndTime "9:06:07 PDT"]
[Termination "Grossboss19 won on time"]

1. c4 Nf6 2. d4 e6 3. Nd2 d5 4. e3 Be7 5. Bd3 O-O 6. Ngf3 b6 7. O-O c5 8. cxd5 exd5 9. b3 Nc6 10. Bb2 Bg4 11.
h3 Bh5 12. a3 cxd4 13. exd4 Bd6 14. b4 Bf4 15. Qc2 Rc8 16. Bf5 Rc7 17. Qb3 Qd6 18.
g4 Bg6 19. Bxg6 hxg6 20. Rad1 Re8 21. Rfe1 Rce7 22. Rxe7 Rxe7 23. b5 Na5 24. Qd3 Ne4 25. Nf1 Nc4 26. Bc1 Bxc1 27. Rxc1 Qxa3 28. Qxa3 Nxa3 29.
Ng3 Nxg3 30. Rc8+ Kh7 31. Ng5+ Kh6 32. h4 1-0

[Event "Early-Titled-Tuesday-Blitz-August-29-2023"]
[Site "Chess.com"]
[Date "2023.08.29"]
[Round "6"]
[White "tptagain"]
[Black "SRob2003"]
[Result "1-0"]
[WhiteElo "2884"]
[BlackElo "2645"]
[TimeControl "180+1"]
[EndTime "9:06:08 PDT"]
[Termination "tptagain won on time"]

1. Nf3 d5 2. c4 d4 3. b4 f6 4. d3 e5 5. a3 a5 6. b5 Bc5 7.
Nbd2 a4 8. Ne4 Bb6 9. c5 Ba5+ 10.
Bd2 f5 11. Ng3 Qd5 12. Bb4 Qxc5 13. Qd2 Bxb4 14. axb4 Qxb5 15. e3 dxe3 16. fxe3 Nc6 17. Kf2 Qxb4 18. Qa2 a3 19. Rb1 Qd6 20. d4 Be6 21.
Bc4 Bxc4 22. Qxc4 Nf6 23. Nxf5 Ne4+ 24. Ke2 Qf6 25. Rxb7 Na5 26. Qb5+ c6 27. Rb8+ Kf7 28. Nxe5+ Ke6 29. Rb6 1-0

[Event "Early-Titled-Tuesday-Blitz-August-29-2023"]
[Site "Chess.com"]
[Date "2023.08.29"]
[Round "6"]
[White "Oleksandr_Bortnyk"]
[Black "Durarbayli"]
[Result "1-0"]
[WhiteElo "3038"]
[BlackElo "2906"]
[TimeControl "180+1"]
[EndTime "9:06:10 PDT"]
[Termination "Oleksandr_Bortnyk won on time"]

1. e4 c5 2. c3 Nf6 3. e5 Nd5 4. d4 cxd4 5. Nf3 Nc6 6. cxd4 d6 7. Bc4 Nb6 8. Bb5 dxe5 9. Nxe5 Bd7 10. Nxd7 Qxd7 11.
Nc3 e6 12. O-O Rd8 13. Be3 Be7 14. Qg4 O-O 15. Bxc6 bxc6 16. Rfd1 f5 17. Qf3 f4 18. Bd2 Qxd4 19. Qxc6 Qc4 20. Qb5 f3 21. g3 Qg4 22.
Qf1 Bc5 23. b3 Nd5 24. Re1 Nf6 25. Bf4 h5 26. Re5 Bd4 27. Rg5 Bxc3 28. Rxg4 Nxg4 29. Rd1 Bd4 30. Rd2 e5 31. Bg5 Rc8 32. h3 Nf6 33. Qd3 Rc1+ 34. Kh2 1-0

[Event "Early-Titled-Tuesday-Blitz-August-29-2023"]
[Site "Chess.com"]
[Date "2023.08.29"]
[Round "6"]
[White "frequentblunders"]
[Black "stratacticos"]
[Result "0-1"]
[WhiteElo "2098"]
[BlackElo "1839"]
[TimeControl "180+1"]
[EndTime "9:06:10 PDT"]
[Termination "stratacticos won by resignation"]

1. d3 d5 2. f4 c5 3. Nf3 Nc6 4.
g3 Bg4 5. Bg2 Bxf3 6. Bxf3 e5 7.
O-O Nf6 8. Nc3 Be7 9. e4 Nd4 10. Nxd5 Nxd5 11. exd5 exf4 12. Bxf4 Nxf3+ 13. Qxf3 O-O 14. Rae1 Bf6 15. c3 b5 16. Be5 Bxe5 17. Rxe5 Qd6 18. Rfe1 Rad8 19. c4 bxc4 20. dxc4 Qa6 21. Re7 Qxc4 22.
Rd1 Rd6 23. Rxa7 Rf6 24. Qd3 Qb4 25. Qd2 Qb6 26. Re7 Qd6 27. Qe3 h5 28. Qe2 h4 29.
Qe3 hxg3 30. hxg3 Rg6 31. Kg2 Rxg3+ 32. Qxg3 Qxe7 33. d6 Qe2+ 0-1

[Event "Early-Titled-Tuesday-Blitz-August-29-2023"]
[Site "Chess.com"]
[Date "2023.08.29"]
[Round "6"]
[White "Doomfist26"]
[Black "assezde36"]
[Result "1-0"]
[WhiteElo "2593"]
[BlackElo "2806"]
[TimeControl "180+1"]
[EndTime "9:06:11 PDT"]
[Termination "Doomfist26 won on time"]

1. e4 c5 2. Nf3 e6 3. d4 cxd4 4. Nxd4 a6 5. c4 Nf6 6. Nc3 d6 7. a3 Be7 8. Be3 Qc7 9. f4 Nbd7 10. Bd3 b6 11. O-O Bb7 12. f5 e5 13. Nf3 Ng4 14.
Bf2 Nxf2 15. Rxf2 Nf6 16. b4 b5 17. cxb5 O-O 18. Rc1 Qb6 19. Na4 Qe3 20. Qd2 Qxd2 21.
Nxd2 axb5 22. Bxb5 Nxe4 23. Rc7 Bh4 24. g3 Bg5 25. Rxb7 Nxd2 26. Kg2 e4 27. Bc6 e3 28.
Re2 Rfc8 29. Nb6 Rxc6 30. Nxa8 h5 31. b5 Rc3 32. b6 Rxa3 33. Ra7 Rb3 34. b7 Kh7 35.
Nc7 d5 36. Nxd5 Nc4 37. h4 Bh6 38. f6 gxf6 39. Nxf6+ Kg6 40. Nd7 Rb2 41. Rxb2 Nxb2 42. b8=Q e2 43. Qe5 1-0

[Event "Early-Titled-Tuesday-Blitz-August-29-2023"]
[Site "Chess.com"]
[Date "2023.08.29"]
[Round "6"]
[White "FeketeBarika"]
[Black "HajiyevKanan"]
[Result "1-0"]
[WhiteElo "2353"]
[BlackElo "2486"]
[TimeControl "180+1"]
[EndTime "9:06:11 PDT"]
[Termination "FeketeBarika won by checkmate"]

1. Nf3 d5 2. c4 c6 3. g3 Nf6 4. Bg2 g6 5. O-O Bg7 6. cxd5 cxd5 7. d4 O-O 8. Bf4 Nc6 9. Ne5 e6 10. Nc3 Nxe5 11. dxe5 Nd7 12. Qd4 Qb6 13. e3 a6 14.
Qxb6 Nxb6 15. e4 d4 16. Ne2 d3 17. Nc3 h6 18. h4 Nc4 19. Rfd1 Rd8 20. Bf1 Nxb2 21. Rd2 Nc4 22. Rxd3 Rxd3 23. Bxd3 Nxe5 24. Be2 Bd7 25. Rd1 Bc6 26. f3 g5 27. hxg5 hxg5 28.
Bxg5 Nxf3+ 29. Bxf3 Bxc3 30. Kg2 Kg7 31. Bf4 Bf6 32.
e5 Bxf3+ 33. Kxf3 Bd8 34. Rd7 b5 35. Rb7 Ba5 36. Kg4 Kg6 37. Bg5 Bc3 38. Bf6 b4 39. Rc7 a5 40. Rc4 a4 41. a3 Rb8 42. Kf3 b3 43.
Rg4+ Kf5 44. Rg5# 1-0

[Event "Early-Titled-Tuesday-Blitz-August-29-2023"]
[Site "Chess.com"]
[Date "2023.08.29"]
[Round "6"]
[White "Mikedannnn"]
[Black "guillembaches"]
[Result "1-0"]
[WhiteElo "2585"]
[BlackElo "2435"]
[TimeControl "180+1"]
[EndTime "9:06:12 PDT"]
[Termination "Mikedannnn won on time"]

1. e4 c5 2. Nf3 d6 3. d4 cxd4 4. Nxd4 Nf6 5. Nc3 Nc6 6. Bc4 Bd7 7. Be3 Ng4 8. Qf3 Nce5 9. Qe2 Nxe3 10. fxe3 g6 11. Bb3 Bg7 12. O-O O-O 13. Nf3 a6 14. Rad1 Bc6 15. Nd4 Bd7 16. Nd5 e6 17. Nf4 Qe7 18. Nd3 Rad8 19. Nf3 Bb5 20. Nfxe5 Bxe5 21. a4 Bc6 22. Nxe5 dxe5 23. Qc4 Rxd1 24. Rxd1 Rd8 25. Rd3 Kg7 26. Qc3 f6 27. Qc4 Rxd3 28. cxd3 f5 29.
exf5 exf5 30. Qg8+ Kh6 31. h4 e4 32. d4 f4 33. exf4 e3 34. Qe6 1-0

[Event "Early-Titled-Tuesday-Blitz-August-29-2023"]
[Site "Chess.com"]
[Date "2023.08.29"]
[Round "6"]
[White "atalz0"]
[Black "kidagent"]
[Result "1-0"]
[WhiteElo "2469"]
[BlackElo "2271"]
[TimeControl "180+1"]
[EndTime "9:06:12 PDT"]
[Termination "atalz0 won by resignation"]

1. d4 d5 2. c4 c6 3. e3 Nf6 4.
Nc3 e6 5. b3 Nbd7 6. Bb2 Bd6 7.
Bd3 O-O 8. Nge2 e5 9. cxd5 cxd5 10. dxe5 Nxe5 11. O-O Nxd3 12. Qxd3 Be6 13. h3 Rc8 14. Rad1 Qd7 15. Nd4 Bxh3 16. e4 Bxg2 17. Nf5 Bxe4 18.
Nxe4 dxe4 19. Nh6+ gxh6 20. Qxd6 Qxd6 21. Rxd6 Ng4 22.
Rfd1 Rc2 23. Bd4 f5 24. Rd7 Nf6 25. Rxb7 Rc6 26. Bxa7 Rfc8 27. Be3 R8c7 28. Rxc7 Rxc7 29. Bxh6 Kf7 30. Bf4 Rc2 31. a4 Nh5 32. Be5 Ke6 33. Bd4 f4 34. a5 Kf5 35. a6 Kg4 36. a7 e3 37. a8=Q 1-0

[Event "Early-Titled-Tuesday-Blitz-August-29-2023"]
[Site "Chess.com"]
[Date "2023.08.29"]
[Round "6"]
[White "CSB7"]
[Black "GroovyKettle"]
[Result "0-1"]
[WhiteElo "2700"]
[BlackElo "2906"]
[TimeControl "180+1"]
[EndTime "9:06:13 PDT"]
[Termination "GroovyKettle won by resignation"]

1. d4 Nf6 2. Nf3 g6 3. c4 Bg7 4.
Nc3 O-O 5. e4 d6 6. Be2 Bg4 7.
Be3 Nc6 8. d5 Bxf3 9. Bxf3 Ne5 10. Be2 c6 11. O-O cxd5 12. cxd5 Qa5 13. Qb3 Rfc8 14.
Rfc1 Nfd7 15. f4 Nc5 16. Qd1 Ned7 17. Bg4 Rc7 18. Bd4 Qb6 19. Rab1 Bxd4+ 20. Qxd4 Nf6 21. Bf3 Rac8 22. e5 Nfd7 23. e6 Nf6 24. exf7+ Kxf7 25. Kh1 a5 26. Re1 Qb4 27. Qd2 Kg7 28. a3 Qc4 29. Be2 Nce4 30. Nxe4 Qxe4 31. Bf3 Qf5 32. h3 h5 33. Re2 Qxb1+ 0-1

[Event "Early-Titled-Tuesday-Blitz-August-29-2023"]
[Site "Chess.com"]
[Date "2023.08.29"]
[Round "6"]
[White "bazar-wokzal"]
[Black "Gauravthegm"]
[Result "1-0"]
[WhiteElo "2592"]
[BlackElo "2414"]
[TimeControl "180+1"]
[EndTime "9:06:13 PDT"]
[Termination "bazar-wokzal won by resignation"]

1. e4 c6 2. d4 d5 3. f3 g6 4.
Nc3 Bg7 5. Bf4 Nf6 6. Qd2 O-O 7. e5 Ne8 8. h4 f6 9. h5 g5 10. h6 Bh8 11. Bxg5 fxe5 12. dxe5 Bxe5 13. O-O-O Bf5 14.
g4 Bg6 15. f4 Bf6 16. f5 Bf7 17. Nf3 Nd7 18. Bf4 e5 19. fxe6 Bxe6 20. Bd3 Qa5 21.
Ng5 Bxg5 22. Bxg5 Nd6 23. Be7 Nf7 24. Bxf8 Nxf8 25. a3 b5 26. Ne2 Qa4 27. Nf4 a5 28. Rde1 b4 29. Nxe6 bxa3 30. b3 a2 31. Kb2 Qb4 32.
Qxb4 axb4 33. Nxf8 Kxf8 34. Rhf1 Kg8 35. Bxh7+ Kxh7 36.
Rxf7+ Kxh6 37. Ra1 Kg6 38. Rc7 1-0

[Event "Early-Titled-Tuesday-Blitz-August-29-2023"]
[Site "Chess.com"]
[Date "2023.08.29"]
[Round "6"]
[White "Mesa_1"]
[Black "FormerProdigy"]
[Result "0-1"]
[WhiteElo "2576"]
[BlackElo "2865"]
[TimeControl "180+1"]
[EndTime "9:06:14 PDT"]
[Termination "FormerProdigy won by resignation"]

1. e4 c6 2. d4 d5 3. e5 c5 4. Nf3 cxd4 5. Nxd4 Nc6 6. Nxc6 bxc6 7. Bd3 e6 8. O-O Ne7 9. Nd2 Ng6 10. Nf3 Be7 11. c3 c5 12. Qa4+ Bd7 13. Qg4 O-O 14. Bg5 Rb8 15.
h4 Bb5 16. Bxg6 hxg6 17. Rfe1 Bd3 18. b3 a5 19. Rad1 Bf5 20. Qf4 f6 21. exf6 gxf6 22.
Bh6 Rf7 23. g4 e5 24. Qg3 Be6 25. g5 Bd6 26. gxf6 Qxf6 27. Nxe5 Rh7 28. Bg5 Qf5 29.
Rd3 Rf8 30. Rf3 Qxf3 31. Qxf3 Rxf3 32. Nxf3 Bd7 33. Ne5 Bf5 34. Nxg6 d4 35. cxd4 cxd4 36. Re8+ Kf7 37. Rd8 Bc7 38. Nh8+ Kg7 39. Rc8 Bxc8 0-1

[Event "Early-Titled-Tuesday-Blitz-August-29-2023"]
[Site "Chess.com"]
[Date "2023.08.29"]
[Round "6"]
[White "Blackwhite017"]
[Black "Apocalyps999"]
[Result "1-0"]
[WhiteElo "2007"]
[BlackElo "2315"]
[TimeControl "180+1"]
[EndTime "9:06:15 PDT"]
[Termination "Blackwhite017 won by checkmate"]

1. e4 e5 2. Nf3 Nc6 3. Bb5 a6 4. Bxc6 dxc6 5. d4 exd4 6. Qxd4 Qxd4 7. Nxd4 c5 8. Ne2 Bd7 9. Bf4 Bd6 10. Bxd6 cxd6 11. Nbc3 Bc6 12. f3 Ne7 13. O-O-O O-O-O 14. Nf4 Rhe8 15. Rd2 Rd7 16. g4 b5 17. Ncd5 Nxd5 18. Nxd5 Kb7 19. Rhd1 Bxd5 20. Rxd5 Kc6 21. h4 Re5 22. Rxe5 dxe5 23. Rxd7 Kxd7 24. Kd2 Kd6 25. Kd3 a5 26. c4 Kc6 27. cxb5+ Kxb5 28. Kc3 f6 29. b3 h6 30. h5 Ka6 31. Kc4 Kb6 32. Kd5 Kb5 33. a3 a4 34. bxa4+ Kxa4 35. Kxc5 Kxa3 36.
Kd6 Kb3 37. Ke7 Kc3 38. Kf7 Kd3 39. Kxg7 Ke3 40. Kxh6 Kxf3 41. Kg6 Kxg4 42. h6 f5 43.
exf5 e4 44. h7 e3 45. h8=Q e2 46. Qe5 e1=Q 47. Qxe1 Kf3 48. f6 Kg4 49. f7 Kf4 50. f8=R+ Kg4 51. Kf7 Kh3 52. Ke8 Kg2 53. Qe7 Kh3 54.
Qg7 Kh2 55. Rh8# 1-0

[Event "Early-Titled-Tuesday-Blitz-August-29-2023"]
[Site "Chess.com"]
[Date "2023.08.29"]
[Round "6"]
[White "TanitoluwaAps116"]
[Black "FGHSMN"]
[Result "1-0"]
[WhiteElo "2778"]
[BlackElo "2919"]
[TimeControl "180+1"]
[EndTime "9:06:17 PDT"]
[Termination "TanitoluwaAps116 won by resignation"]

1. e4 c5 2. Nf3 d6 3. Bb5+ Nd7 4. a4 a6 5. Be2 Ngf6 6. Nc3 g6 7. a5 Bg7 8. O-O O-O 9. d3 b5 10. axb6 Bb7 11.
Nd2 Nxb6 12. Nb3 Qc7 13. Na5 Nbd7 14. f4 Rab8 15. Nxb7 Qxb7 16. Bf3 Qb6 17. Kh1 Rfc8 18. b3 Nxe4 19. Nd5 Qd8 20. Rxa6 Nef6 21. Re1 Nxd5 22.
Bxd5 Nf6 23. Bf3 e6 24. Bb2 d5 25. Be5 Ra8 26. Qa1 Rxa6 27. Qxa6 Ra8 28. Qc6 Qa5 29. Rf1 Ne8 30. g4 Bxe5 31. fxe5 Rd8 32. Bxd5 exd5 33. e6 f6 34. e7 Rb8 35. g5 c4 36. Qe6+ Kh8 37.
gxf6 h5 38. f7 Ng7 39. f8=Q+ Rxf8 40. exf8=Q+ Kh7 41.
Qeg8+ 1-0

[Event "Early-Titled-Tuesday-Blitz-August-29-2023"]
[Site "Chess.com"]
[Date "2023.08.29"]
[Round "6"]
[White "GasconJR"]
[Black "GMKrikor"]
[Result "0-1"]
[WhiteElo "2667"]
[BlackElo "2868"]
[TimeControl "180+1"]
[EndTime "9:06:18 PDT"]
[Termination "GMKrikor won on time"]

1. Nf3 d5 2. g3 Nc6 3. d4 Bf5 4. Bg2 Nb4 5. O-O Bxc2 6. Qd2 e6 7. a3 Bxb1 8. Rxb1 Nc6 9. b4 a6 10. a4 Nf6 11. b5 axb5 12. axb5 Na5 13. Ne5 Bd6 14.
Qc2 O-O 15. Bg5 h6 16. Bf4 Nd7 17. Rfc1 Bxe5 18. dxe5 Nc4 19. Qc3 c6 20. e4 Qa5 21.
Qd4 Qa7 22. Rxc4 dxc4 23. Qxd7 Rfd8 24. Qe7 cxb5 25. Bf1 c3 26. Qb4 Rac8 27. Rc1 Qd4 28. Qb3 b4 29. Be3 Qxe4 30. Bg2 Qc4 0-1

[Event "Early-Titled-Tuesday-Blitz-August-29-2023"]
[Site "Chess.com"]
[Date "2023.08.29"]
[Round "6"]
[White "MusicCityMaster"]
[Black "AndresDelgado77"]
[Result "1-0"]
[WhiteElo "2425"]
[BlackElo "2247"]
[TimeControl "180+1"]
[EndTime "9:06:19 PDT"]
[Termination "MusicCityMaster won on time"]

1. e4 e6 2. d4 d5 3. Nc3 Nf6 4. e5 Nfd7 5. Nce2 b6 6. c3 Ba6 7. Nf3 c5 8. h4 Nc6 9. h5 h6 10. Nf4 Bxf1 11. Kxf1 Be7 12. Rh3 Qc7 13. Rg3 Rg8 14. a3 c4 15. b4 cxb3 16. Qxb3 Na5 17. Qa4 Qc4+ 18. Qxc4 Nxc4 19. a4 O-O-O 20. Nd3 Kb7 21. Rb1 Rc8 22. Ke2 Na5 23. Bd2 Nc4 24. Nfe1 Nb8 25. f4 Nc6 26. Bc1 N6a5 27. f5 exf5 28.
Nf4 Kc6 29. Rb5 Rcd8 30. Ned3 Na3 31. Bxa3 Bxa3 32. e6 fxe6 33. Ne5+ Kb7 34. Nxe6 Rde8 35. Rxg7+ Rxg7 36. Nxg7 Rg8 37. Nxf5 Rxg2+ 38. Kf3 Rh2 39. Rxd5 Rxh5 40. Rd7+ Ka6 41. Ne3 Rh3+ 42. Ke4 Nb3 43.
Nc6 Nd2+ 44. Kd3 Rxe3+ 45. Kxe3 Nc4+ 46. Kd3 Nb2+ 47. Kc2 Nxa4 48. c4 1-0

[Event "Early-Titled-Tuesday-Blitz-August-29-2023"]
[Site "Chess.com"]
[Date "2023.08.29"]
[Round "6"]
[White "AradNazari"]
[Black "Zhigalko_Sergei"]
[Result "0-1"]
[WhiteElo "2764"]
[BlackElo "2937"]
[TimeControl "180+1"]
[EndTime "9:06:20 PDT"]
[Termination "Zhigalko_Sergei won by resignation"]

1. e4 c5 2. Nf3 Nc6 3. Bb5 Nf6 4. Bxc6 dxc6 5. d3 Bg4 6. h3 Bh5 7. Be3 c4 8. e5 Nd5 9. dxc4 Nxe3 10. Qxd8+ Rxd8 11. fxe3 e6 12. Ke2 Bg6 13. Rc1 h5 14. Nbd2 h4 15. e4 Rh5 16. Rd1 Be7 17. c3 Bg5 18. Nxg5 Rxg5 19. Kf2 Rxe5 20. Nf3 Rxe4 21.
Rxd8+ Kxd8 22. Rd1+ Ke7 23. Rd4 c5 24. Rxe4 Bxe4 25.
Nxh4 g5 26. Nf3 Bxf3 27. Kxf3 f5 28. g4 Kd6 29. b3 a5 30. a4 Ke5 31. Ke3 f4+ 32.
Kf3 b6 33. Ke2 Ke4 34. Kf2 e5 35. b4 cxb4 36. cxb4 axb4 37. c5 bxc5 38. a5 Kd5 39.
h4 b3 40. hxg5 b2 41. g6 b1=Q 0-1

[Event "Early-Titled-Tuesday-Blitz-August-29-2023"]
[Site "Chess.com"]
[Date "2023.08.29"]
[Round "6"]
[White "starworld123"]
[Black "HamedWafa4"]
[Result "1-0"]
[WhiteElo "2785"]
[BlackElo "2548"]
[TimeControl "180+1"]
[EndTime "9:06:20 PDT"]
[Termination "starworld123 won by checkmate"]

1. d4 Nf6 2. Bg5 b6 3. Bxf6 exf6 4. Nf3 Bb7 5. e3 f5 6. c3 g6 7. Bd3 Bg7 8. Nbd2 O-O 9. O-O d6 10. a4 a5 11. Qc2 Nd7 12. Rae1 Nf6 13. e4 fxe4 14.
Nxe4 Re8 15. Nxf6+ Qxf6 16. Be4 Bxe4 17. Rxe4 Rxe4 18.
Qxe4 Rd8 19. Qc6 Qe7 20. Re1 Qd7 21. Qxd7 Rxd7 22. Re8+ Bf8 23. Kf1 Re7 24. Rc8 Kg7 25.
d5 Rd7 26. Nd4 Be7 27. Nc6 Bg5 28. Ke2 h5 29. Kd3 h4 30. g3 h3 31. f4 Bf6 32.
Ke4 Kh7 33. Kf3 g5 34. Kg4 gxf4 35. gxf4 Kg6 36. f5+ Kg7 37. Kxh3 Bg5 38. Kg4 Bc1 39. b3 f6 40. Kh5 Kh7 41. Nd4 Rg7 42. Ne6 Rg2 43.
Rxc7+ Kg8 44. h4 Be3 45. Rd7 Bd2 46. Rxd6 Bxc3 47. Rxb6 Kf7 48. d6 Rd2 49. Rb7+ Ke8 50. Re7# 1-0

[Event "Early-Titled-Tuesday-Blitz-August-29-2023"]
[Site "Chess.com"]
[Date "2023.08.29"]
[Round "6"]
[White "Alphafischer2019"]
[Black "enriquebutti"]
[Result "1-0"]
[WhiteElo "2528"]
[BlackElo "2251"]
[TimeControl "180+1"]
[EndTime "9:06:21 PDT"]
[Termination "Alphafischer2019 won by resignation"]

1. d4 Nf6 2. Bf4 d5 3. e3 e6 4.
Nf3 c5 5. c3 Nc6 6. Nbd2 Bd6 7.
Bg3 cxd4 8. exd4 Qc7 9. Bd3 O-O 10. Qe2 Bd7 11. O-O a6 12. Ne5 Na7 13. a4 b5 14. Nb3 bxa4 15. Nc5 Bb5 16. Nxa6 Qb7 17. Bxb5 Nxb5 18. Nc5 Bxc5 19. dxc5 a3 20. c6 Qb6 21. bxa3 Rxa3 22. Rxa3 Nxa3 23. Qa2 Nb5 24. Qb2 Qc5 25. Rc1 Rc8 26. c4 dxc4 27. Rxc4 Qd5 28. Rc1 h6 29. h3 Ne4 30. Bf4 Nd4 31. Be3 Nxc6 32. Qb7 Nxe5 33.
Rxc8+ Kh7 34. Qxd5 exd5 35. Rd8 Nf6 36. Bd4 Ned7 37.
Bxf6 Nxf6 38. Kf1 Kg6 39. Ke2 Kf5 40. Ke3 Ke5 41. g4 g5 42. Rh8 d4+ 43. Kf3 Nd5 44. Rxh6 f6 45. h4 gxh4 46. Rh5+ Kd6 47. Ke4 1-0

[Event "Early-Titled-Tuesday-Blitz-August-29-2023"]
[Site "Chess.com"]
[Date "2023.08.29"]
[Round "6"]
[White "alturas_pacificas"]
[Black "Goffredo_Fofi"]
[Result "0-1"]
[WhiteElo "2388"]
[BlackElo "2550"]
[TimeControl "180+1"]
[EndTime "9:06:21 PDT"]
[Termination "Goffredo_Fofi won on time"]

1. d4 g6 2. Bf4 Bg7 3. e3 d6 4.
Nf3 f5 5. c4 Nf6 6. Nc3 O-O 7.
h3 c6 8. Be2 Na6 9. b3 Qe8 10.
Bh2 Bd7 11. Rc1 Rc8 12. O-O Nc7 13. b4 Nh5 14. Ng5 Nf6 15. Nf3 h6 16. a4 g5 17.
a5 a6 18. c5 d5 19. Na4 Ne6 20. Nb6 Rd8 21. Qc2 Ne4 22. Ne5 f4 23. Nexd7 Rxd7 24. Bg4 Rf6 25. Nxd7 Qxd7 26. f3 Ng3 27. Bxg3 fxg3 28.
Rce1 Qc7 29. Qd3 Nf8 30. e4 Rf4 31. exd5 Bxd4+ 32. Kh1 cxd5 33. Re2 e5 34. Rfe1 Kg7 35. Qd1 Qf7 36. Qd3 h5 37. Rxe5 Bxe5 38. Rxe5 hxg4 39. Rxg5+ Kh6 0-1